[Event "4th Trophy Anatoly Karpov 2015"]
[Site "Cap d'Agde"]
[Date "????.??.??"]
[Round "8.1"]
[White "Gharamian, Tigran"]
[Black "Fressinet, Laurent"]
[Result "1/2-1/2"]
[ECO "E61"]
[WhiteElo "2654"]
[BlackElo "2702"]
[Annotator "Robot 3"]
[PlyCount "110"]
[EventCountry "FRA"]
[TimeControl "1500+10"]

1. d4 Nf6 2. c4 g6 3. Nc3 Bg7 4. Nf3 O-O 5. g3 b6 6. Bg2 Bb7 7. d5 Na6 8. O-O
Nc5 9. Nd4 e5 10. Nc2 d6 11. b4 Ncd7 12. Bg5 h6 13. Bd2 a5 14. a3 Ne8 15. e4 h5
16. Nb5 h4 17. bxa5 bxa5 18. Rb1 hxg3 19. hxg3 Nc5 20. Be3 Bc8 21. f4 Bf6 22.
Qf3 Ng7 23. fxe5 Bxe5 24. Bd4 Bxd4+ 25. Ncxd4 Bd7 26. Rbe1 Bxb5 27. cxb5 Qg5
28. Qf4 Qxf4 29. gxf4 Rae8 30. e5 dxe5 31. fxe5 Nd3 32. Re3 Nxe5 33. Rc1 Re7
34. Rec3 Ne8 35. a4 Nd7 36. Nb3 Nb6 37. Nxa5 Nxa4 38. Nc6 Re2 39. R3c2 Rxc2 40.
Rxc2 Kg7 41. Kf2 Nb6 42. Nd4 Rh8 43. Re2 Kf6 44. Kg3 Nd6 45. Rf2+ Kg7 46. Rc2
Nbc4 47. Ra2 Re8 48. Ra7 Re7 49. Kf2 Nb6 50. Nc6 Rd7 51. Nb8 Rd8 52. Nc6 Rd7
53. Nb8 Re7 54. Nc6 Rd7 55. Nb8 Re7 1/2-1/2

[Event "4th Trophy Anatoly Karpov 2015"]
[Site "Cap d'Agde"]
[Date "????.??.??"]
[Round "8.2"]
[White "Fressinet, Laurent"]
[Black "Gharamian, Tigran"]
[Result "1-0"]
[ECO "B91"]
[WhiteElo "2702"]
[BlackElo "2654"]
[Annotator "Robot 3"]
[PlyCount "93"]
[EventCountry "FRA"]
[TimeControl "1500+10"]

1. Nf3 c5 2. e4 d6 3. d4 cxd4 4. Nxd4 Nf6 5. Nc3 a6 6. g3 e5 7. Nde2 Be7 8. Bg2
b5 9. Nd5 Nxd5 10. Qxd5 Ra7 11. Be3 Be6 12. Qd2 Rb7 13. Nc3 Nd7 14. Nd5 Nf6 15.
Nxe7 Rxe7 16. Bg5 Rd7 17. f4 exf4 18. gxf4 h6 19. Bxf6 Qxf6 20. O-O-O O-O 21.
Kb1 d5 22. e5 Qh4 23. Bf1 f6 24. Bd3 fxe5 25. fxe5 Bf5 26. Rhf1 Bxd3 27. Rxf8+
Kxf8 28. Qxd3 Kg8 29. Qg6 Re7 30. Qd6 Kh7 31. a3 d4 32. e6 Qf6 33. Re1 Qf2 34.
Qe5 Qf6 35. Qd5 Qg6 36. h4 Qg3 37. Re4 Qg6 38. Ka2 Qf6 39. h5 Qf3 40. Qe5 Qf6
41. Qd6 Qf5 42. Qxe7 Qxe4 43. Qf7 Qd5+ 44. b3 Qe4 45. Kb2 d3 46. e7 Qe5+ 47.
Ka2 1-0

[Event "4th Trophy Anatoly Karpov 2015"]
[Site "Cap d'Agde"]
[Date "????.??.??"]
[Round "8.1"]
[White "Karpov, Anatoly"]
[Black "Edouard, Romain"]
[Result "1/2-1/2"]
[ECO "E35"]
[WhiteElo "2628"]
[BlackElo "2636"]
[Annotator "Robot 3"]
[PlyCount "80"]
[EventCountry "FRA"]
[TimeControl "1500+10"]

1. d4 Nf6 2. c4 e6 3. Nc3 Bb4 4. Qc2 d5 5. cxd5 exd5 6. Bg5 h6 7. Bxf6 Qxf6 8.
a3 Bxc3+ 9. Qxc3 O-O 10. e3 c6 11. Nf3 Bg4 12. Be2 Nd7 13. O-O Qe7 14. b4 a6
15. a4 Rac8 16. Rfc1 Rfe8 17. h3 Bh5 18. Ra2 Nf6 19. Qc5 Qd8 20. b5 Ne4 21. Qa3
cxb5 22. axb5 Rxc1+ 23. Qxc1 a5 24. Qa3 Qc8 25. Ne5 Bxe2 26. Rxe2 f6 27. Nd3
Qc4 28. b6 Rc8 29. Rb2 Kh7 30. Kh2 a4 31. Nf4 Qc1 32. f3 Nc3 33. Qe7 Qxb2 34.
Nh5 Rg8 35. Nxf6+ Kh8 36. Nxg8 Kxg8 37. Qxb7 a3 38. Qc8+ Kh7 39. Qf5+ Kh8 40.
Qc8+ Kh7 1/2-1/2

[Event "4th Trophy Anatoly Karpov 2015"]
[Site "Cap d'Agde"]
[Date "????.??.??"]
[Round "8.1"]
[White "Edouard, Romain"]
[Black "Karpov, Anatoly"]
[Result "1/2-1/2"]
[ECO "A28"]
[WhiteElo "2636"]
[BlackElo "2628"]
[Annotator "Robot 3"]
[PlyCount "75"]
[EventCountry "FRA"]
[TimeControl "1500+10"]

1. c4 Nf6 2. Nc3 e5 3. Nf3 Nc6 4. e4 Bb4 5. d3 d6 6. h3 a6 7. Be2 Bc5 8. O-O
O-O 9. Be3 Nd4 10. a3 h6 11. b4 Nxf3+ 12. Bxf3 Bxe3 13. fxe3 Be6 14. Qe2 b6 15.
a4 c5 16. Rab1 a5 17. bxc5 bxc5 18. Rb7 Bd7 19. Qf2 Bc6 20. Rb2 h5 21. Bd1 Rb8
22. Rxb8 Qxb8 23. Nb5 Bxb5 24. axb5 Qa7 25. Qg3 Nh7 26. Bxh5 a4 27. Qe1 a3 28.
Qc3 Nf6 29. Bg4 Ra8 30. Ra1 Nxg4 31. hxg4 Qa4 32. b6 Qb4 33. b7 Qxb7 34. Rxa3
Qb1+ 35. Kh2 Rxa3 36. Qxa3 Qe1 37. Qa8+ Kh7 38. Qc8 1/2-1/2

[Event "4th Trophy Anatoly Karpov 2015"]
[Site "Cap d'Agde"]
[Date "2015.10.30"]
[Round "8.4"]
[White "Edouard, Romain"]
[Black "Karpov, Anatoly"]
[Result "0-1"]
[ECO "E12"]
[WhiteElo "2636"]
[BlackElo "2628"]
[PlyCount "130"]
[EventDate "2015.??.??"]
[EventCountry "FRA"]
[TimeControl "1500+10"]

1. d4 Nf6 2. c4 e6 3. Nc3 Bb4 4. Nf3 b6 5. Qb3 c5 6. Bg5 Bb7 7. e3 h6 8. Bh4 g5
9. Bg3 Ne4 10. Nd2 Bxc3 11. bxc3 Nxg3 12. hxg3 Qe7 13. f3 f5 14. a4 Nc6 15. a5
Qd8 16. dxc5 Nxa5 17. Rxa5 bxa5 18. Qxb7 Rb8 19. Qa6 Qc7 20. Qd6 Qxd6 21. cxd6
a4 22. Bd3 a3 23. Ke2 a2 24. Ra1 Rb2 25. c5 Kf7 26. Kd1 h5 27. Kc1 Rhb8 28. Bc4
h4 29. g4 Kf6 30. Bxa2 R2b5 31. Bc4 Rxc5 32. Rxa7 Rd8 33. Kc2 Ke5 34. Ra6 Rdc8
35. Kd3 R8c6 36. Rxc6 Rxc6 37. Ke2 Kxd6 38. e4 f4 39. Kd3 Rc8 40. Kd4 e5+ 41.
Kd3 Ra8 42. Ke2 Ra3 43. Kd3 Ra1 44. Ke2 Rc1 45. Bd5 Rxc3 46. Nc4+ Kc5 47. Nxe5
Kd4 48. Nf7 Rc2+ 49. Kf1 Ke3 50. Kg1 h3 51. gxh3 Kxf3 52. Nxg5+ Kg3 53. Kf1 f3
54. Nxf3 Kxf3 55. Ke1 Kf4 56. Kd1 Rh2 57. Ke1 d6 58. Kd1 Rxh3 59. Kd2 Rg3 60.
Ke2 Ke5 61. Kf2 Rxg4 62. Kf3 Rf4+ 63. Ke3 Rh4 64. Kf3 Rh3+ 65. Ke2 Kd4 0-1